 Dungeon Crawl Stone Soup version 0.30-a0-439-g9e77e4d916 (webtiles) character file.

Game seed: 15610690916090137677

1582 AigisTheKnight the Firebug (level 8, -4/54 HPs)
             Began as a Demonspawn Fire Elementalist on Dec 10, 2022.
             Was an Initiate of Gozag.
             Slain by a killer bee (5 damage)
             ... on level 6 of the Dungeon.
             The game lasted 00:15:56 (7366 turns).

AigisTheKnight the Firebug (DsFE)                   Turns: 7366, Time: 00:15:56

Health: -4/54      AC:  8    Str:  8    XL:     8   Next: 60%
Magic:  8/15       EV: 10    Int: 22    God:    Gozag
Gold:   233        SH:  0    Dex: 13    Spells: 13/16 levels left

rFire   . . .      SeeInvis .    F - +0 short sword
rCold   . . .      Faith    .    (no shield)
rNeg    . . .      Spirit   .    o - +0 scale mail
rPois   .          Reflect  .    (helmet restricted)
rElec   .          Harm     .    (no cloak)
rCorr   +          Rampage  .    I - +0 pair of gloves
Will    .....                    (no boots)
Stlth   +.........               (no amulet)
HPRegen 0.29/turn                p - ring of resist corrosion
MPRegen 0.14/turn                (no ring)

@: lethally poisoned (-4 -> -11), very slow
A: antennae 1, sturdy frame 1, demonic magic 2, clever 1, frail 1
a: Renounce Religion, Potion Petition, Call Merchant, Bribe Branch


You were on level 6 of the Dungeon.
You worshipped Gozag.
Gozag was aware of your devotion.
You visited 2 branches of the dungeon, and saw 7 of its levels.

You collected 333 gold pieces.
You paid 100 gold pieces to Gozag.

Inventory:

Hand Weapons
 f - a +0 dagger
 y - a +0 spear
 F - a +0 short sword (weapon)
Missiles
 q - 6 silver javelins
 x - 3 poisoned darts
Armour
 a - a +0 robe
 o - a +0 scale mail (worn)
 C - a +0 scale mail
 I - a +0 pair of gloves (worn)
Magical Staves
 u - a staff of death
 G - a staff of conjuration
Jewellery
 p - a ring of resist corrosion (left hand)
 z - an amulet of guardian spirit
Wands
 n - a wand of iceblast (13)
 w - a wand of mindburst (2)
 B - a wand of flame (2) (quivered)
Scrolls
 d - 3 scrolls of vulnerability {unknown}
 g - 6 scrolls of magic mapping {unknown}
 h - a scroll of teleportation {unknown}
 i - 6 scrolls of identify {unknown}
 j - 2 scrolls of enchant armour {unknown}
 l - a scroll of enchant weapon {unknown}
 m - a scroll of silence {unknown}
 s - a scroll of amnesia {unknown}
 t - 2 scrolls of fog {unknown}
Potions
 b - a potion of magic
 c - a potion of degeneration {unknown}
 e - 3 potions of curing
 k - a potion of attraction {unknown}
 r - 2 potions of mutation
 v - a potion of might {unknown}
 A - 2 potions of haste
 D - a potion of berserk rage {unknown}
 E - a potion of heal wounds {unknown}
 H - a potion of brilliance {unknown}


   Skills:
 + Level 4.4 Fighting
 + Level 1.2 Long Blades
 + Level 4.0 Armour
 - Level 2.5 Dodging
 - Level 1.7 Stealth
 + Level 4.7 Spellcasting
 + Level 4.7 Conjurations
 + Level 5.0 Fire Magic


You had 13 spell levels left.
You knew the following spells:

 Your Spells              Type           Power      Damage    Failure   Level
a - Foxfire               Conj/Fire      100%       2x1d9     5%          1
b - Scorch                Fire           54%        2d7       8%          2

Your spell library contained the following spells:

 Spells                   Type           Power      Damage    Failure   Level
 Magic Dart               Conj           100%       1d8       6%          1
 Inner Flame              Hex/Fire       16%        N/A       41%         3
 Flame Wave               Conj/Fire      26%        2d8       47%         4
 Call Imp                 Summ           5%         N/A       52%         2
 Ignite Poison            Fire/Tmut/Pois 12%        N/A       52%         3
 Kindle Blastsparks       Fire/Tloc/Air  24%        2d12      52%         3
 Mephitic Cloud           Conj/Pois/Air  12%        N/A       54%         3
 Gell's Gravitas          Tloc           5%         N/A       77%         3
 Lesser Beckoning         Tloc           10%        N/A       77%         3
 Teleport Other           Tloc           5%         N/A       77%         3
 Vhi's Electric Charge    Tloc/Air       10%        N/A       77%         3
 Fulminant Prism          Conj/Hex       7%         3d7       83%         4
 Freezing Cloud           Conj/Ice/Air   6%         6-21      99%         5
 Irradiate                Conj/Tmut      7%         3d14      99%         5
 Lehudib's Crystal Spear  Conj/Erth      7%         10d3      100%        8


Dungeon Overview and Level Annotations

Branches:
Dungeon (6/15)             Temple (1/1) D:6

Altars:
Ashenzari
Cheibriados
Dithmenos
Gozag
Hepliaklqana
Kikubaaqudgha
Makhleb
Nemelex Xobeh
Okawaru
Qazlal
Ru
Trog
Uskayaw
Vehumet
Wu Jian
Xom
Yredelemnul

Shops:
D:1 (

Annotations:
D:4 Sigmund
Temple 2 transporters


Innate Abilities, Weirdness & Mutations

You have a pair of small antennae on your head.
Your movements are slightly less encumbered by armour. (ER -2)
Spells you cast may paralyse nearby enemies.
Your mind is acute. (Int +4, Str/Dex -1)
You are frail. (-10% HP)


Message History

The killer bee stings you but does no damage.
You feel very sick. The killer bee closely misses you.
The killer bee completely misses you.
The killer bee attacks as you move away!
The killer bee stings you but does no damage.
You feel very sick.
An ogre comes into view. It is wielding a +0 giant club.
You feel sick.
The ogre shouts!
The killer bee closely misses you.
It was a potion of mutation.
You feel extremely strange.
You feel clever.
You feel frail.
You feel sick.
The killer bee buzzes angrily.
The killer bee closely misses you. The killer bee stings you.
* * * LOW HITPOINT WARNING * * *
It was a potion of curing.
You feel better. The killer bee barely misses you.
The killer bee stings you but does no damage.
The killer bee stings you.
* * * LOW HITPOINT WARNING * * *
You are poisoned.
The killer bee poisons you!
You feel sick. The ogre hits you with a +0 giant club.
* * * LOW HITPOINT WARNING * * *
You enter the shallow water.
Moving in this stuff is going to be slow.
You feel sick.
The killer bee stings you but does no damage. x2
The killer bee attacks as you move away!
The killer bee stings you but does no damage.
You feel sick. The killer bee stings you.
* * * LOW HITPOINT WARNING * * *
The killer bee stings you.
* * * LOW HITPOINT WARNING * * *
You are more poisoned.
The killer bee poisons you! The killer bee misses you.
The killer bee stings you but does no damage.
The killer bee stings you.
You die...
Your body crumbles into a pile of gold.

...#.......##....+..........#
...#....O..##....#..........#
...........###'###...##.....#
###+..+###n##...##...##.....#
#....# #..................#
♣....♣ ####l..............#
♣♣...♣ #..#...O§§.........#
♣♣.♣♣ #..##.yy§~~.##.....#
♣♣. #....§y@§§§§##.....# ♣
#....§§~>~§§.......#
#....§§§§§~§.......#
#.....~§§§~........#
#......~§~.........#
#.......#..........#
###.....#..........#
#.+.....#..........#
#.#.....#...##.....#


You could see an ogre, a necrophage, an iguana and 3 killer bees.

Vanquished Creatures
  Eustachio (D:4)
  A water moccasin (D:5)
  A sky beast (D:6)
  A black bear (D:5)
  2 ogres (D:5)
  A phantom (D:4)
  3 scorpions
  2 killer bees (D:6)
  3 bullfrog zombies (D:4)
  2 jellies
  An orc priest (D:3)
  5 hounds
  Natasha (D:3)
  3 iguanas
  A hound zombie (D:4)
  6 gnolls
  7 adders
  A shadow imp (D:6)
  A worm (D:3)
  7 orcs
  9 bats
  7 endoplasms
  3 giant cockroaches
  5 goblins
  10 hobgoblins
  12 jackals
  3 kobolds
  2 quokkas
  3 ball pythons
  2 frilled lizards
  5 rats
111 creatures vanquished.

Vanquished Creatures (collateral kills)
  A foxfire (D:1)
1 creature vanquished.

Vanquished Creatures (others)
  229 foxfires
  3 withered plants (D:4)
232 creatures vanquished.

Grand Total: 344 creatures vanquished

Notes
Turn   | Place    | Note
-------+----------+-------------------------------------------
     0 | D:1      | AigisTheKnight the Demonspawn Fire Elementalist began the
                  | quest for the Orb.
     0 | D:1      | Reached XP level 1. HP: 13/13 MP: 3/3
    30 | D:1      | Found Uveaj's Antique Weapon Shoppe.
   178 | D:1      | Found a faded altar of an unknown god.
   239 | D:1      | Gained mutation: You have a pair of small antennae on your
                  | head. [demonic ancestry]
   239 | D:1      | Reached XP level 2. HP: 20/20 MP: 0/5
   433 | D:1      | Got the Dissertation on the Voyage and Outbursts
  1067 | D:1      | Reached skill level 1 in Fighting
  1477 | D:2      | Gained mutation: Your movements are slightly less
                  | encumbered by armour. (ER -2) [demonic ancestry]
  1477 | D:2      | Reached XP level 3. HP: 26/26 MP: 3/6
  1513 | D:2      | Found a sacrificial altar of Ru.
  1674 | D:2      | Reached skill level 3 in Fire Magic
  2249 | D:3      | Gained mutation: Spells you cast may paralyse adjacent
                  | enemies. [demonic ancestry]
  2249 | D:3      | Reached XP level 4. HP: 12/32 MP: 0/7
  2624 | D:2      | Learned a level 2 spell: Scorch
  2632 | D:3      | Reached skill level 1 in Armour
  3129 | D:3      | Noticed Natasha
  3143 | D:3      | Killed Natasha
  3144 | D:3      | Reached XP level 5. HP: 12/38 MP: 0/9
  3592 | D:4      | Noticed a phantom
  4127 | D:4      | Reached XP level 6. HP: 41/44 MP: 1/10
  4258 | D:4      | Noticed Sigmund
  4666 | D:4      | Noticed Eustachio
  4677 | D:4      | Killed Eustachio
  4678 | D:4      | Reached skill level 4 in Fire Magic
  4678 | D:4      | Gained mutation: Spells you cast may paralyse nearby
                  | enemies. [demonic ancestry]
  4678 | D:4      | Reached XP level 7. HP: 52/52 MP: 4/12
  5070 | D:5      | Entered Level 5 of the Dungeon
  5504 | D:5      | Reached XP level 8. HP: 49/60 MP: 1/14
  6262 | D:5      | Found a stormy altar of Qazlal.
  6756 | D:6      | Identified the +8 mace of Law {antimagic, rF+ Dex+4}
  6773 | D:6      | Reached skill level 1 in Long Blades
  6904 | D:6      | Reached skill level 5 in Fire Magic
  6924 | D:6      | Found a staircase to the Ecumenical Temple.
  6961 | Temple   | Entered the Ecumenical Temple
  6961 | Temple   | Found a transporter.
  6961 | Temple   | Found a transporter.
  6963 | Temple   | Found a transporter.
  6963 | Temple   | Found a transporter.
  6980 | Temple   | Became a worshipper of Gozag Ym Sagoz the Greedy
  7361 | D:6      | Gained mutation: Your mind is acute. (Int +4, Str/Dex -1)
                  | [potion of mutation]
  7361 | D:6      | Gained mutation: You are frail. (-10% HP) [potion of
                  | mutation]
  7366 | D:6      | HP: 2/54 [killer bee (5)]
  7366 | D:6      | Slain by a killer bee

Illustrated notes

Levels and vault maps discovered:
D:1:      dpeg_arrival_rooms_a, layout_basic, serial_shops,
          nicolae_shop_advertising_works [nicolae_subvault_shop_adworks],
          shapermc_ecumenical_altar_mp_urbaneastern, minmay_pentomino_r4
D:2:      layout_rooms, basic_altar, minmay_statues_item
D:3:      layout_loops_ring, chequers_avenue, uniq_natasha
D:4:      layout_loops_ring, serial_undead, serial_undead_f, serial_undead_b,
          serial_undead_f, serial_undead_a, uniq_eustachio, uniq_sigmund
D:5:      layout_basic, gammafunk_temple_overflow_elements
D:6:      layout_gridville, minmay_temple_entry_mist, uniq_crazy_yiuf_cottage
Temple:   hellmonk_temple_divided_pantheon

Skill      XL: |  1  2  3  4  5  6  7  8 |
---------------+-------------------------+-----
Dodging        | 2 |  2.5
Fighting       | 1 2 3 4 |  4.4
Fire Magic     | 3 4 5 |  5.0
Conjurations   | 2 3 4 |  4.7
Armour         | 1 2 3 4 |  4.0
Spellcasting   | 3 4 |  4.7
Long Blades    | 1 |  1.2
Stealth        | |  1.7

Action                   |  1- 3 |  4- 6 |  7- 9 || total
-------------------------+-------+-------+-------++-------
Melee: Unarmed           |     9 |       |       ||     9
       Dagger            |    58 |    51 |       ||   109
       Punch             |     3 |     3 |     2 ||     8
       Spear             |       |    48 |    48 ||    96
       Short sword       |       |       |    16 ||    16
 Cast: Foxfire           |    69 |    52 |    41 ||   162
       Scorch            |       |    20 |    38 ||    58
Evoke: Wand              |     1 |    11 |     6 ||    18
  Use: Potion            |       |       |     2 ||     2
 Stab: Paralysed         |       |    16 |    20 ||    36
Armor: Robe              |    16 |       |       ||    16
       Scale mail        |    15 |    36 |    42 ||    93
Dodge: Dodged            |    61 |    66 |    51 ||   178

Table legend: (Time is in decaauts)
 A = Elapsed time spent in this place.
 B = Non-inter-level travel time spent in this place.
 C = Inter-level travel time spent in this place.
 D = Time resting spent in this place.
 E = Time spent auto-exploring this place.
 F = Levels seen in this place.
 G = Mean time per level.
                   A        B        C        D        E       F      G
               +--------+--------+--------+--------+--------+-----+--------+
         Total |   7388 |   7063 |    325 |    799 |   4994 |   7 | 1055.4 |
       Dungeon |   7349 |   7035 |    314 |    799 |   4987 |   6 | 1224.8 |
        Temple |     38 |     27 |     11 |      0 |      7 |   1 |   38.0 |
               +--------+--------+--------+--------+--------+-----+--------+

Top non-repeatable levels by time:
     D:3: 1548 daAuts
     D:1: 1535 daAuts
     D:5: 1470 daAuts
     D:4: 1212 daAuts
     D:6: 795 daAuts
     D:2: 787 daAuts
  Temple: 38 daAuts
